[Event "CCT Chessable Masters D-I 2024"]
[Site "Online"]
[Date "2024.02.07"]
[Round "5"]
[White "Firouzja, Alireza"]
[Black "Carlsen, Magnus"]
[Result "0-1"]
[ECO "C50"]
[WhiteElo "2759"]
[BlackElo "2830"]
[Annotator "TA"]
[PlyCount "78"]
[EventDate "2024.01.12"]
[EventType "k.o."]
[EventCountry "NET"]
[SourceTitle "playchess.com"]
[Source "ChessBase"]
[SourceQuality "1"]
[TimeControl "600+2"]

1. e4 e5 2. Nf3 Nc6 3. Bc4 Nf6 4. d3 Bc5 5. Bg5 h6 6. Bh4 Be7 7. Bg3 d6 8. a4 a5 {[%emt 0:00:01] The position is equal.} 9. O-O O-O 10. Re1 g6 11. h3 Re8 12. Nc3 Bf8 13. Bh4 Bg7 14. Nd5 Be6 15. c3 Bxd5 16. Bxd5 g5 17. Bxc6 bxc6 18. Bg3 Rb8 19. Qc2 Nh5 20. Bh2 Nf4 21. d4 Qf6 22. dxe5 dxe5 (22... Nxh3+ 23. gxh3 Qxf3 24. Re3 $16 (24. exd6 Qxh3 25. dxc7 Rbc8 $11)) 23. Nd2 Qe6 {[%emt 0:00:06] Prevents Nc4.} (23... Rxb2 $5 24. Qxb2 Nd3 $11) 24. b3 Bf8 (24... g4 $11 {keeps the balance.}) 25. Nc4 $16 Bc5 (25... g4 $142) 26. Nxa5 g4 {[%emt 0:00:03] [#]} 27. h4 Nh5 {[%emt 0:00:25] And now ...g3 would win.} 28. Kh1 (28. b4 $6 Bb6 29. Kh1 Bxa5 $14) 28... Qf6 29. Bg3 Nxg3+ 30. fxg3 {[%emt 0:00:02] aiming for Qe2.} Qf2 31. Qxf2 Bxf2 32. Reb1 {[%emt 0:00:03] Kh2 would now be deadly.} f5 33. b4 (33. exf5 Bxg3 34. b4 (34. Nxc6 Rb6 $11) 34... Rbd8 $11) ({White should try} 33. Nxc6 $16 Rb6 34. Rf1 Bxg3 35. Nb4 fxe4 36. Nd5 Bxh4 37. Nxb6 (37. Nxc7 Rd8 $11) 37... cxb6 38. a5 bxa5 39. Ra4 (39. Rxa5 e3 $14)) 33... Rbd8 $14 34. Nxc6 ({Of course not} 34. exf5 e4 35. Nxc6 Rd3 $11) 34... Rd6 (34... Rd2 $1 $11) 35. b5 (35. Rb2 $16 Bxg3 36. b5) 35... fxe4 $11 36. Rb4 e3 {[%emt 0:00:28] Threatens to win with ...e2.} 37. Re4 $2 (37. Rxg4+ $11 Kf7 38. Re4) 37... Rd2 $19 38. Rf1 $2 {[%emt 0:00:38] [#]} (38. Rxg4+ Kh8 39. Kh2) 38... Rf8 $1 {[%emt 0:00:15] Strongly threatening ...e2.} (38... e2 $2 39. Rxf2 Rd1+ 40. Kh2 $17) 39. Kh2 e2 {[%emt 0:00:06] Weighted Error Value: White=0.37/Black=0.14 (very precise) .  Loses game:     	White=1     	---        Mistake:       	White=3     	Black=3      Inaccurate:     	White=4     	Black=2      OK:         	White=9     	Black=13     Best:        	White=2     	Black=2      Strong:       	---       	Black=1} 0-1

[Event "CCT Chessable Masters D-I 2024"]
[Site "Online"]
[Date "2024.02.03"]
[Round "51"]
[White "LyonBeast"]
[Black "Nepomniachtchi, Ian"]
[Result "1-0"]
[ECO "C42"]
[WhiteElo "2876"]
[BlackElo "2769"]
[Annotator "TA"]
[PlyCount "93"]
[EventDate "2024.01.12"]
[EventType "k.o."]
[EventCountry "NET"]
[SourceTitle "playchess.com"]
[Source "ChessBase"]
[SourceQuality "1"]
[TimeControl "600+2"]

1. e4 e5 2. Nf3 Nf6 3. Nxe5 d6 4. Nf3 Nxe4 5. Bd3 d5 6. Qe2 Be7 7. Bxe4 dxe4 8. Qxe4 {[%emt 0:00:00] The position is equal.} O-O 9. O-O c5 10. d4 cxd4 11. Qxd4 Qxd4 12. Nxd4 Rd8 13. Be3 Bf6 14. c3 Nc6 15. Nxc6 bxc6 16. Nd2 Bf5 17. Nb3 a5 18. Bd4 Be7 19. Rfe1 Be6 20. Bc5 Bf6 21. Bd4 Bxb3 (21... Be7 $1 $11) 22. Bxf6 $16 (22. axb3 $6 Bxd4 23. cxd4 Rxd4 $11) 22... gxf6 23. axb3 $11 {[%emt 0:00:01][%mdl 4096] Endgame. KRR-KRR} Rd2 24. g3 (24. b4 $16) 24... Rxb2 $14 25. Ra3 Rd8 26. Rxa5 Rxb3 27. Re3 (27. Rc5 $16) 27... Rd5 28. Rxd5 cxd5 {[%emt 0:00:01] KR-KR} 29. Kf1 Rb2 30. Ke1 Kg7 31. Re2 Rb1+ 32. Kd2 h5 33. Kc2 Rf1 (33... Rh1 $11) 34. Rd2 $16 h4 35. f4 (35. Rxd5 Rxf2+ 36. Rd2 Rf3 $14) ({White should play} 35. gxh4 $16 {[%cal Oc2d3] Threatens to win with Kd3!} f5 36. Rxd5 Rxf2+ 37. Rd2) 35... hxg3 36. hxg3 (36. Rxd5 $2 {loses.} gxh2 (36... Rxf4 37. hxg3 Rg4 38. Rd3 $11) 37. Rh5 h1=Q $19 (37... h1=R $2 38. Rd5 $19)) 36... Rg1 $1 37. Rxd5 Rxg3 38. Kb3 {[%emt 0:00:30] aiming for Kb4.} Kg6 $2 {[%emt 0:00:04][%mdl 8192] [#] This move loses the game for Black.} (38... f5 $11) 39. Kb4 $1 $18 {[%emt 0:00:10] Hoping for c4.} f5 40. c4 {[%emt 0:00:07][%cal Bc3c4,Bc4c5,Bc5c6,Bc6c7][%mdl 32] Intending c5 and mate.} Re3 41. c5 {[%emt 0:00:12] White mates.} Re4+ 42. Kb5 Kf6 43. c6 Ke6 44. Rd3 Re1 45. c7 Rc1 46. Kb6 Rc4 47. Rd8 {[%emt 0:00:05] Weighted Error Value: White=0.12 (very precise) /Black=0.25 (precise) .  Loses game:     	---       	Black=1      Mistake:       	White=3     	Black=2      Inaccurate:     	White=2     	Black=2      OK:         	White=11    	Black=10     Best:        	White=3     	Black=4      Strong:       	White=1     	Black=1} 1-0

[Event "CCT Chessable Masters D-I 2024"]
[Site "Online"]
[Date "2024.02.03"]
[Round "51"]
[White "Nepomniachtchi, Ian"]
[Black "LyonBeast"]
[Result "1-0"]
[ECO "B90"]
[WhiteElo "2769"]
[BlackElo "2882"]
[Annotator "TA"]
[PlyCount "71"]
[EventDate "2024.01.12"]
[EventType "k.o."]
[EventCountry "NET"]
[SourceTitle "playchess.com"]
[Source "ChessBase"]
[SourceQuality "1"]
[TimeControl "600+2"]

1. e4 c5 2. Nf3 d6 3. d4 cxd4 4. Nxd4 Nf6 5. Nc3 a6 6. Bd3 g6 7. f3 Qb6 {[%emt 0:00:03] [#]} 8. a3 $1 Nc6 {[%emt 0:00:12] [#]} (8... Qxd4 $2 {too greedy.} 9. Bb5+ axb5 10. Qxd4 $18) (8... e5 9. Nb3) 9. Be3 {[%emt 0:00:01] The position is equal.} e5 {[%emt 0:00:06] [#]} 10. Nf5 Qd8 11. Ng3 Bg7 12. h4 h5 13. Bg5 Be6 {[%emt 0:00:08] Wards off Bc4} 14. Qd2 Rc8 15. O-O-O Ne7 16. Kb1 Rc6 {[%emt 0:00:21] [#] White now steadily converts the win.} (16... Nh7 $14) 17. Nd5 $1 $16 Nfg8 (17... Nexd5 $142 18. exd5 Bxd5) 18. c4 {[%emt 0:00:57] White is much more active. The black rooks are passive.} f6 19. Be3 Nh6 20. Ne2 Nf7 21. Nec3 O-O $2 (21... f5 {was necessary.} 22. exf5 gxf5) 22. Nxe7+ Qxe7 23. Nd5 Qd7 {[%emt 0:00:08] [#]} 24. g4 {[%emt 0:00:10][%mdl 512] gxh5 would now be deadly.} hxg4 (24... Kh7 25. gxh5) 25. fxg4 Bxg4 26. Rdg1 {[%emt 0:00:01] Hoping for Be2.} f5 {[%emt 0:01:50][%cal Bf6f5,Bf5f4][%mdl 32] [#]} 27. h5 $1 f4 28. hxg6 Nh6 29. Bf2 {[%emt 0:00:01][%cal Be3f2,Bf2h4,Bh4g5][%mdl 32] And now Bh4 would win.} Bf3 {[%emt 0:00:36] [#]} (29... Be6 $142 30. Be2 Nf5 31. exf5 Bxf5+ 32. Ka1 Re8) 30. Bh4 $1 Bxh1 31. Rxh1 Qg4 32. Qh2 Qf3 (32... Kh8 $18 33. Be7 Qxg6) 33. Ne7+ Kh8 {[%emt 0:00:01] [#]} 34. Bg5 $1 {[%emt 0:00:38] White mates.} Qxd3+ (34... Qxh1+ 35. Qxh1) 35. Ka1 Qg3 36. Qxh6+ {[%emt 0:00:03][%mdl 32768] Weighted Error Value: White=0.16 (very precise) /Black=0.53.  Mistake:       	---       	Black=5      Inaccurate:     	---       	Black=3      OK:         	White=13    	Black=10     Best:        	White=1     	Black=1      Strong:       	White=1     	---       . Loss on time!?} 1-0

[Event "CCT Chessable Masters D-I 2024"]
[Site "Online"]
[Date "2024.02.03"]
[Round "51"]
[White "Firouzja, Alireza"]
[Black "So, Wesley"]
[Result "1/2-1/2"]
[ECO "D37"]
[WhiteElo "2759"]
[BlackElo "2757"]
[Annotator "TA"]
[PlyCount "65"]
[EventDate "2024.01.12"]
[EventType "k.o."]
[EventCountry "NET"]
[SourceTitle "playchess.com"]
[Source "ChessBase"]
[SourceQuality "1"]
[TimeControl "600+2"]

1. d4 Nf6 2. c4 e6 3. Nf3 d5 4. Nc3 a6 5. cxd5 exd5 6. Bg5 Be6 7. e3 Nbd7 8. Bd3 {[%emt 0:00:01] White has an edge.} Bd6 9. h3 c6 10. Bf4 Qc7 11. Qd2 O-O 12. O-O Rfe8 13. Rfe1 Nb6 14. b3 g6 15. Bxd6 Qxd6 16. Ne5 Nfd7 17. f4 f6 18. Nf3 Bf7 19. e4 dxe4 20. Nxe4 Qc7 21. f5 Nd5 22. fxg6 hxg6 {[%emt 0:00:21] The position is equal.} 23. Qh6 Qf4 24. Qxf4 Nxf4 25. Bf1 Bd5 26. Nd6 Rxe1 27. Rxe1 b5 28. Re7 Rd8 29. Nb7 Kf8 $1 30. Rh7 Kg8 $1 31. Re7 Kf8 $1 32. Rh7 Kg8 $1 33. Re7 {[%emt 0:00:01] Weighted Error Value: White=0.04 (flawless) /Black=0.05 (flawless) .  Inaccurate:     	White=2     	Black=1      OK:         	White=13    	Black=6      Best:        	---       	Black=2      Strong:       	---       	Black=4} 1/2-1/2

[Event "CCT Chessable Masters D-I 2024"]
[Site "Online"]
[Date "2024.02.03"]
[Round "51"]
[White "So, Wesley"]
[Black "Firouzja, Alireza"]
[Result "0-1"]
[ECO "C54"]
[WhiteElo "2757"]
[BlackElo "2759"]
[Annotator "TA"]
[PlyCount "66"]
[EventDate "2024.01.12"]
[EventType "k.o."]
[EventCountry "NET"]
[SourceTitle "playchess.com"]
[Source "ChessBase"]
[SourceQuality "1"]
[TimeControl "600+2"]

1. e4 e5 2. Nf3 Nc6 3. Bc4 Nf6 4. d3 Bc5 5. Bg5 h6 6. Bh4 d6 7. c3 {[%emt 0:00:08] is now debated instead of 7.h3.} a6 8. a4 {[%emt 0:00:06] C54: Giuoco Piano: 4 c3 Nf6, main lines with 5 d4 and 5 d3.} Ba7 9. Nbd2 g5 10. Bg3 Qe7 11. O-O Nd7 12. b4 Nf8 13. b5 Na5 14. Bd5 h5 15. h4 $1 g4 16. Ne1 $1 c6 $5 $146 {[%emt 0:00:55][%mdl 8] New and interesting.} (16... Ng6 $15) ({Predecessor:} 16... Ng6 17. d4 Nxh4 18. f4 exd4 19. cxd4 c6 20. bxc6 bxc6 21. Ba2 d5 22. f5 Bxd4+ {½-½ Navara,D (2689)-Praggnanandhaa,R (2690) FIDE World Cup 2023 (3.2)}) 17. Ba2 $11 Ng6 18. Qb1 $1 Nxh4 $2 (18... axb5 $11 {and Black stays safe.} 19. axb5 O-O) 19. b6 $18 Ng6 20. bxa7 h4 (20... Qd8 $142 21. d4 (21. f3 h4 $16) 21... h4) 21. Bh2 Qg5 22. Qb4 g3 $2 (22... h3) 23. Qxa5 $2 (23. fxg3 $18 hxg3 24. Bxg3 (24. Bxf7+ Kd7 $18) (24. Rxf7 Qe3+ 25. Kf1 gxh2)) 23... gxh2+ $14 (23... Qxd2 $2 24. Bxf7+ (24. fxg3 Qe3+ 25. Rf2 hxg3 $16) 24... Kxf7 25. fxg3+ Ke7 26. Rf2 $18) 24. Kh1 Qxd2 25. Qc7 $1 O-O $1 26. Qxd6 Kg7 $1 27. Nf3 (27. Kxh2 $2 h3 28. d4 (28. gxh3 Qf4+ 29. Kh1 Rh8 $19) (28. g3 $2 Qe2 $19) 28... Qxc3 $19 (28... hxg2 29. Nxg2 Qxc3 30. Kg1 $11)) 27... Qxc3 28. d4 $2 (28. Rab1 $14) 28... h3 $19 29. Ng5 hxg2+ (29... Qxd4 30. Qxd4 exd4 31. gxh3 $17) 30. Kxg2 Rh8 (30... exd4 31. e5 h1=B+ 32. Kxh1 Rh8+ 33. Kg1 $11) (30... Qxd4 31. Qxd4 exd4 32. Kxh2 $15) (30... Rxa7 31. dxe5 Qxe5 32. Qxe5+ Nxe5 33. Kxh2 $15) (30... h1=Q+ $142 31. Kxh1 Rh8+ (31... exd4 32. Kg2 $11) (31... Qxd4 32. Rad1 $17) (31... Rxa7 32. dxe5 Rh8+ 33. Kg1 $11) 32. Kg1 Rh5 (32... exd4 $2 33. Bxf7 Rh6 34. Ra3 $18) (32... Qxd4 33. Rfd1 $11)) 31. Kh1 $19 Bh3 32. Bxf7 Bg2+ $1 ({Worse is} 32... Bxf1 33. Qxg6+ Kf8 34. Be6 (34. Rxf1 Qd3 35. Qd6+ Kg7 36. Qxe5+ Kf8 37. Qxh8+ Ke7 38. Qe5+ Kf8 39. Qd6+ Kg7) (34. Qd6+ Kg7 35. Qxe5+ Kf8 36. Qxh8+ Ke7 37. Qe5+ Kf8 38. Qf6 Qf3+ 39. Nxf3 Bg2+ 40. Kxg2 Rxa7 41. Bg6+ Kg8 42. Qf7+ Kh8 43. Qh7#) (34. Rxf1 Qd3 35. Re1 Qd2 36. Qd6+ Kg7 37. Qxe5+ Kf8 38. Qxh8+ Ke7 39. Qe5+ Kf8) (34. Qd6+ Kg7 35. Qxe5+ Kf8 36. Qxh8+ Ke7 37. Qxa8 Qxd4 38. Qe8+ Kd6 39. Qd8+ Ke5)) 33. Kxg2 h1=Q+ $1 0-1

[Event "CCT Chessable Masters D-I 2024"]
[Site "Online"]
[Date "2024.02.04"]
[Round "52"]
[White "Bigfish"]
[Black "Nepomniachtchi, Ian"]
[Result "0-1"]
[ECO "E36"]
[WhiteElo "2812"]
[BlackElo "2769"]
[Annotator "RC"]
[PlyCount "106"]
[EventDate "2024.01.12"]
[EventType "k.o."]
[EventCountry "NET"]
[SourceTitle "playchess.com"]
[Source "ChessBase"]
[SourceQuality "1"]
[TimeControl "600+2"]

1. d4 Nf6 2. c4 e6 3. Nc3 Bb4 4. Qc2 O-O 5. a3 Bxc3+ 6. Qxc3 d5 7. Bg5 h6 8. Bxf6 Qxf6 9. Nf3 dxc4 10. Qxc4 Nc6 11. Qc5 Re8 12. Ne5 Nxe5 13. dxe5 Qe7 14. Rc1 Qxc5 15. Rxc5 Re7 16. g4 b6 17. Bg2 Rb8 18. Rc1 c5 19. Rd1 Rd7 20. O-O Kf8 21. Bc6 Rxd1 22. Rxd1 Bb7 23. Bxb7 Rxb7 24. Rd8+ Ke7 25. Rg8 Rd7 26. e3 Rd2 27. Ra8 a5 28. Ra7+ Rd7 29. Ra6 Rb7 30. Kf1 Kd7 31. Ke2 Kc6 32. Ra8 Kd5 33. Kd3 Kxe5 34. Kc4 Rd7 35. Rb8 Rd2 36. f4+ Ke4 37. Rxb6 Kxe3 38. Rb7 f5 39. h3 Kxf4 40. Kxc5 g5 41. b4 axb4 42. axb4 Kg3 43. gxf5 exf5 44. Rh7 Kxh3 45. Rxh6+ Kg3 46. b5 f4 47. b6 Rb2 48. Rg6 g4 49. Kd4 f3 50. Kc3 Rb1 51. Kc2 Rb5 52. Kd3 f2 53. Ke2 Rb2+ 0-1

[Event "CCT Chessable Masters D-I 2024"]
[Site "Online"]
[Date "2024.02.04"]
[Round "52"]
[White "Nepomniachtchi, Ian"]
[Black "Bigfish"]
[Result "1-0"]
[ECO "B30"]
[WhiteElo "2769"]
[BlackElo "2804"]
[Annotator "RC"]
[PlyCount "94"]
[EventDate "2024.01.12"]
[EventType "k.o."]
[EventCountry "NET"]
[SourceTitle "playchess.com"]
[Source "ChessBase"]
[SourceQuality "1"]
[TimeControl "600+2"]

1. e4 c5 2. Nf3 Nc6 3. Bb5 Nf6 4. Nc3 Qc7 5. O-O e5 6. d3 a6 7. Bc4 b5 8. Nd5 Qd6 9. Nxf6+ Qxf6 10. Bd5 h6 11. a4 b4 12. c3 Rb8 13. Be3 Bd6 14. d4 cxd4 15. cxd4 exd4 16. Nxd4 O-O 17. Rc1 Ne7 18. Nf5 Nxf5 19. exf5 Bb7 20. Bxb7 Rxb7 21. Qd5 Rc7 22. Bd4 Qg5 23. Be3 Qe7 24. Rxc7 Bxc7 25. Bc5 d6 26. Bxb4 Qd7 27. a5 Rb8 28. Bc3 Qb5 29. Rd1 Qxd5 30. Rxd5 f6 31. g4 Kf7 32. Kg2 Ke8 33. h4 Kd7 34. g5 Kc6 35. Rd3 Rb5 36. Rf3 Bd8 37. gxh6 gxh6 38. h5 Rd5 39. Kg3 Rd1 40. Kg4 d5 41. Re3 d4 42. Re1 Rd3 43. Bb4 Kb5 44. Bf8 Bxa5 45. Rh1 Bd2 46. f4 Re3 47. Bxh6 Be1 1-0

[Event "CCT Chessable Masters D-I 2024"]
[Site "Online"]
[Date "2024.02.04"]
[Round "52"]
[White "Firouzja, Alireza"]
[Black "Martinez Alcantara, Jose Eduardo"]
[Result "1-0"]
[ECO "C92"]
[WhiteElo "2759"]
[BlackElo "2610"]
[Annotator "ChessBase"]
[PlyCount "119"]
[EventDate "2024.01.12"]
[EventType "k.o."]
[EventCountry "NET"]
[SourceTitle "playchess.com"]
[Source "ChessBase"]
[SourceQuality "1"]
[TimeControl "600+2"]

1. e4 e5 2. Nf3 Nc6 3. Bb5 a6 4. Ba4 Nf6 5. O-O Be7 6. Re1 b5 7. Bb3 d6 8. c3 O-O 9. h3 Be6 10. d4 Bxb3 11. axb3 h6 12. d5 Nb8 13. Nbd2 c6 14. c4 cxd5 15. cxd5 Nbd7 16. Nf1 a5 17. Ng3 Re8 18. Be3 Bf8 19. Qe2 Qb8 20. Ra2 Rc8 21. Rea1 a4 22. bxa4 bxa4 23. Rxa4 Rxa4 24. Rxa4 Qb3 25. Ra3 Qb4 26. Ra7 Rb8 27. Qc2 Qxb2 28. Qc6 Rd8 29. Kh2 Nb8 30. Qc7 Rd7 31. Qc8 Rxa7 32. Bxa7 Nbd7 33. Nf5 Qb4 34. Ng3 g6 35. Be3 Kh7 36. Nd2 Qb8 37. Qxb8 Nxb8 38. Nc4 Nbd7 39. f3 Ne8 40. Bd2 h5 41. Ne2 f5 42. Bb4 fxe4 43. fxe4 Ndf6 44. Nc3 Kg8 45. Kg3 g5 46. Kf3 g4+ 47. Ke2 gxh3 48. gxh3 h4 49. Kf3 Nh7 50. Kg4 Be7 51. Nb5 Nhf6+ 52. Kf3 Nxe4 53. Kxe4 Nf6+ 54. Kf5 Nxd5 55. Bd2 Nf4 56. Bxf4 exf4 57. Kxf4 d5 58. Ne3 d4 59. Nxd4 Bc5 60. Ndf5 1-0

[Event "CCT Chessable Masters D-I 2024"]
[Site "Online"]
[Date "2024.02.04"]
[Round "52"]
[White "Martinez Alcantara, Jose Eduardo"]
[Black "Firouzja, Alireza"]
[Result "1/2-1/2"]
[ECO "C67"]
[WhiteElo "2610"]
[BlackElo "2759"]
[Annotator "ChessBase"]
[PlyCount "74"]
[EventDate "2024.01.12"]
[EventType "k.o."]
[EventCountry "NET"]
[SourceTitle "playchess.com"]
[Source "ChessBase"]
[SourceQuality "1"]
[TimeControl "600+2"]

1. e4 e5 2. Nf3 Nc6 3. Bb5 Nf6 4. O-O Nxe4 5. Re1 Nd6 6. Nxe5 Be7 7. Bf1 Nxe5 8. Rxe5 O-O 9. d4 Bf6 10. Re1 Re8 11. c3 Rxe1 12. Qxe1 Ne8 13. Bf4 d5 14. a4 a5 15. Nd2 Bf5 16. Qe3 Nd6 17. Bd3 Bxd3 18. Qxd3 Bg5 19. Bxd6 Qxd6 20. Nf3 Bf6 21. Qb5 b6 22. Re1 g6 23. g3 Rd8 24. Ne5 Bxe5 25. Rxe5 Qd7 26. Qe2 Qxa4 27. Re7 c5 28. dxc5 bxc5 29. Qf3 Rf8 30. Qxd5 Qa1+ 31. Kg2 Qxb2 32. Qxc5 a4 33. Ra7 Qb3 34. h4 h5 35. Qb4 Rc8 36. Rxa4 Qxc3 37. Qxc3 Rxc3 1/2-1/2

[Event "CCT Chessable Masters D-I 2024"]
[Site "Online"]
[Date "2024.02.05"]
[Round "53"]
[White "Nepomniachtchi, Ian"]
[Black "Firouzja, Alireza"]
[Result "1/2-1/2"]
[ECO "C65"]
[WhiteElo "2769"]
[BlackElo "2759"]
[Annotator "ChessBase"]
[PlyCount "323"]
[EventDate "2024.01.12"]
[EventType "k.o."]
[EventCountry "NET"]
[SourceTitle "playchess.com"]
[Source "ChessBase"]
[SourceQuality "1"]
[TimeControl "600+2"]

1. e4 e5 2. Nf3 Nc6 3. Bb5 Nf6 4. d3 Bc5 5. Bxc6 dxc6 6. O-O Qd6 7. b4 Bxb4 8. c3 Ba5 9. Ba3 Qe6 10. Qa4 b6 11. Nxe5 Bb7 12. Nc4 O-O-O 13. Nxa5 bxa5 14. Qc2 Ba6 15. c4 Qd7 16. Rd1 Nxe4 17. Nc3 Nxc3 18. Qxc3 Qf5 19. Rab1 Rhe8 20. Bc1 Qe5 21. Qxe5 Rxe5 22. Be3 c5 23. Rd2 Rd6 24. h3 Rb6 25. Rb3 Bb7 26. Ra3 Rg6 27. g3 Rb6 28. Rd1 Rh5 29. Kh2 Bf3 30. Rg1 f5 31. h4 Ra6 32. Rb1 h6 33. Rb5 g5 34. Rxc5 gxh4 35. g4 fxg4 36. Rxh5 g3+ 37. fxg3 hxg3+ 38. Kxg3 Bxh5 39. d4 Be2 40. Ra4 Bd1 41. Ra3 Rg6+ 42. Kf2 a4 43. d5 Rg4 44. Rc3 h5 45. Rc1 Bb3 46. axb3 axb3 47. Rb1 Rxc4 48. Rxb3 c6 49. d6 Kd7 50. Rd3 a5 51. Kf3 a4 52. Bf4 Rb4 53. Rd2 a3 54. Rg2 Ra4 55. Rg7+ Ke6 56. Re7+ Kf6 57. Re8 Ra7 58. Be5+ Kf7 59. Rh8 Ke6 60. Bf4 a2 61. Rh6+ Kd5 62. Rxh5+ Ke6 63. Rh6+ Kd5 64. Rh5+ Ke6 65. Re5+ Kf6 66. d7 Rxd7 67. Ra5 Ke6 68. Rxa2 c5 69. Be3 Kd5 70. Rb2 Rh7 71. Rc2 Rc7 72. Ke2 c4 73. Kd2 Ke4 74. Bf2 c3+ 75. Ke2 Rc8 76. Be3 Rc7 77. Ra2 Rc4 78. Ra8 Rc7 79. Ra4+ Kd5 80. Kd3 c2 81. Bc1 Rc6 82. Ra5+ Ke6 83. Kd2 Rc7 84. Bb2 Rc6 85. Re5+ Kd6 86. Re1 Kd5 87. Bc3 c1=Q+ 88. Rxc1 Rh6 89. Rd1 Kc4 90. Kc2 Rh2+ 91. Bd2 Rh3 92. Ra1 Rg3 93. Ra4+ Kb5 94. Re4 Kc5 95. Be3+ Kd5 96. Re8 Rg4 97. Kd3 Ra4 98. Rd8+ Ke6 99. Bd4 Ra6 100. Ke4 Rd6 101. Rh8 Rc6 102. Rh7 Rd6 103. Bc5 Rc6 104. Kd4 Kf5 105. Kd5 Ra6 106. Rh1 Rf6 107. Bd4 Rf7 108. Rf1+ Kg6 109. Rg1+ Kf5 110. Be5 Rd7+ 111. Bd6 Rf7 112. Re1 Kf6 113. Re5 Ra7 114. Rh5 Kg6 115. Rh2 Rf7 116. Ke5 Rf5+ 117. Ke4 Rf1 118. Rg2+ Kf7 119. Be5 Ke6 120. Rg6+ Kf7 121. Ra6 Re1+ 122. Kf5 Rf1+ 123. Bf4 Re1 124. Rb6 Re7 125. Bg5 Rd7 126. Rf6+ Ke8 127. Re6+ Kf7 128. Bf6 Rd5+ 129. Be5 Rd7 130. Rf6+ Ke8 131. Rg6 Kf7 132. Rg3 Ke7 133. Rh3 Kf7 134. Rh6 Ke7 135. Ra6 Kf7 136. Bd6 Rb7 137. Rb6 Rxb6 138. Be5 Rb5 139. Ke4 Ke6 140. Bg7 Rg5 141. Bh8 Rg4+ 142. Kf3 Kf5 143. Bb2 Rb4 144. Bh8 Rb8 145. Bg7 Rb3+ 146. Kg2 Kg4 147. Be5 Rd3 148. Bc7 Rc3 149. Bd6 Rc2+ 150. Kh1 Kh3 151. Kg1 Rd2 152. Bc7 Rd7 153. Bb8 Rb7 154. Bd6 Rb2 155. Bc7 Rc2 156. Bb8 Kg4 157. Kh1 Kf3 158. Bd6 Rg2 159. Bc7 Kf2 160. Bb6+ Kf1 161. Bc7 Rh2+ 162. Bxh2 1/2-1/2

[Event "CCT Chessable Masters D-I 2024"]
[Site "Online"]
[Date "2024.02.05"]
[Round "53"]
[White "Firouzja, Alireza"]
[Black "Nepomniachtchi, Ian"]
[Result "1/2-1/2"]
[ECO "D00"]
[WhiteElo "2759"]
[BlackElo "2769"]
[Annotator "TA"]
[PlyCount "72"]
[EventDate "2024.01.12"]
[EventType "k.o."]
[EventCountry "NET"]
[SourceTitle "playchess.com"]
[Source "ChessBase"]
[SourceQuality "1"]
[TimeControl "600+2"]

1. Nc3 Nf6 2. d4 d5 3. Bf4 c6 4. e3 Nbd7 5. g4 Qb6 $146 ({Predecessor:} 5... h6 6. Bg2 e6 7. h4 Bb4 8. f3 Qe7 9. Bg3 e5 10. Nge2 exd4 11. exd4 Nb6 12. Qd3 {½-½ Howell,D (2667)-Goltsev,D (2232) Titled Tuesday intern op 27th Sep Early blitz 2022 (6)}) 6. Rb1 {[%emt 0:00:55] D00: 1 d4 d5: Unusual lines.} g6 7. Bg2 Bg7 8. h3 O-O 9. Nf3 Qa6 (9... h5 $15 {is more appropriate.}) 10. Qd3 $11 b6 (10... Qxd3 {simplifies} 11. cxd3 a5 12. Rc1 Nb6) 11. Ne5 Nxe5 12. Bxe5 Ne8 13. b4 e6 14. g5 Bxe5 15. dxe5 Nc7 16. h4 Qxd3 17. cxd3 a5 18. h5 Bd7 19. bxa5 b5 20. Rb4 gxh5 21. Rxh5 Kg7 $1 (21... Rxa5 $2 22. Rbh4 b4 23. Ne4 (23. Rxb4 Ra3 $11) 23... dxe4 24. Rxh7 Rxe5 25. Bxe4 Rxg5 (25... b3 26. Rh8+ Kg7 27. R4h7#) 26. Rh8+ Kg7 27. R4h7+ Kf6 28. Rxf8 Rg1+ 29. Ke2 $18) 22. Ne2 Rxa5 23. Ng3 Rxa2 24. Rh6 Rh8 25. Nh5+ Kf8 26. Nf6 Ke7 $1 27. Rbh4 Be8 28. Rxh7 (28. Nxh7 Rg8 (28... Ra1+ 29. Ke2 $11) 29. g6 Rxg6 (29... fxg6 30. Ng5 $11) 30. Rxg6 fxg6 $15) 28... Rxh7 29. Rxh7 b4 $1 30. Nxe8 (30. g6 $2 b3 31. Ne4 (31. Nxe8 $2 b2 $19) 31... dxe4 $19) 30... b3 31. Nd6 (31. Nxc7 b2 32. Ke2 b1=Q+ (32... b1=R+ $2 {loses.} 33. Kf3 $18) 33. Kf3 Qg1 (33... Qxd3 $2 34. Nxe6 Qxh7 35. Nf4 $19) 34. Nxd5+ cxd5 35. Rh3 Qxf2+ (35... Rxf2+ {leads to mate.} 36. Kg4 Rxg2+ 37. Kh5 Rxg5+ 38. Kh6 Rg8 39. Rg3 Qh2+ 40. Rh3 Qxh3#) 36. Kg4 Qf5+ (36... Qxg2+ 37. Rg3 Qh2 38. d4 Qe2+ 39. Rf3 Ra1 40. Kg3 Rg1+ 41. Kh4 Qxf3 42. g6 Qh1#) 37. Kg3 Qxg5+ (37... Qxe5+ 38. Kf3 Qf5+ 39. Kg3 Qxg5+ 40. Kf3 Rxg2 41. e4 d4 42. Rh8 Qg4#) 38. Kf3 Qxg2+ 39. Kf4 Rf2+) 31... b2 32. Rxf7+ (32. Nxf7 $2 b1=Q#) 32... Kd8 33. Rf8+ Kd7 (33... Ke7 $5 34. Rf7+ $8 Kd8 35. Rf8+ Ke7 36. Rf7+ $11) 34. Rf7+ Kd8 35. Rf8+ Kd7 (35... Ke7 $5 36. Rf7+ $8 Kd8 $11) 36. Rf7+ Kd8 1/2-1/2